 Dungeon Crawl Stone Soup version 0.22-a0-618-gd6a3efe (webtiles) character file.

6878 Hebeh the Destroyer (level 10, -8/56 HPs)
             Began as a Deep Elf Fire Elementalist on July 13, 2018.
             Was a Believer of Vehumet.
             Mangled by a gargoyle
             ... wielding a +1 morningstar of protection
              (28 damage)
             ... on level 10 of the Dungeon.
             The game lasted 01:58:50 (16989 turns).

Hebeh the Destroyer (Deep Elf Fire Elementalist)   Turns: 16989, Time: 01:58:51

Health: -8/56      AC: 11    Str:  5    XL:     10   Next: 78%
Magic:  14/25      EV: 16    Int: 26    God:    Vehumet [**....]
Gold:   262        SH:  2    Dex: 15    Spells: 4/28 levels left

rFire    + . .     SeeInvis .   R - staff of conjuration
rCold    . . .     Gourm    .   (no shield)
rNeg     + . .     Faith    .   O - +2 robe {rF+}
rPois    .         Spirit   .   H - +2 helmet
rElec    .         Reflect  +   u - scarf {cloud immunity}
rCorr    .         Harm     .   w - +2 pair of gloves
MR       +....                  s - +0 pair of boots
Stlth    ++........             J - +2 amulet of reflection
HPRegen  0.18/turn              F - ring of positive energy
MPRegen  0.19/turn              r - +2 ring of intelligence

@: about to teleport
A: no striking features
a: Renounce Religion


You were on level 10 of the Dungeon.
You worshipped Vehumet.
Vehumet was pleased with you.
You were near starving.

You visited 3 branches of the dungeon, and saw 13 of its levels.

You collected 402 gold pieces.
You spent 140 gold pieces at shops.

Inventory:

Hand Weapons
 a - a +5 morningstar
 b - a +1 hunting sling
 L - a +2 mace of venom
 N - a +2 demon trident of freezing
Missiles
 d - 472 stones
 n - 114 bolts
 t - 100 sling bullets
 x - 8 tomahawks (quivered)
 z - 131 arrows
 K - a throwing net
Armour
 s - a +0 pair of boots (worn)
 u - a scarf of cloud immunity (worn)
 w - a +2 pair of gloves (worn)
 H - a +2 helmet (worn)
 O - a +2 robe of fire resistance (worn)
Magical Staves
 R - an uncursed staff of conjuration (weapon)
Jewellery
 r - a +2 ring of intelligence (right hand)
 F - a ring of positive energy (left hand)
 G - a +3 ring of strength
 J - a +2 amulet of reflection (around neck)
 S - an uncursed ring of positive energy
Wands
 p - a wand of iceblast (17)
 y - a wand of polymorph (14)
 Q - a wand of random effects (34)
Scrolls
 e - 5 scrolls of remove curse
 C - a scroll of fear
 E - 2 scrolls of identify
 I - a scroll of fog {unknown}
 M - a scroll of noise
Potions
 f - 2 potions of lignification
 g - a potion of berserk rage {unknown}
 h - a potion of degeneration {unknown}
 i - 2 potions of flight {unknown}
 j - 2 potions of magic {unknown}
 k - 2 potions of brilliance {unknown}
 l - 2 potions of ambrosia {unknown}
 o - 2 potions of mutation {unknown}
 q - 5 potions of curing
 v - a potion of heal wounds
 A - a potion of might {unknown}
 B - 5 potions of haste {unknown}
 D - a potion of resistance {unknown}
Comestibles
 c - 15 rations


   Skills:
 + Level 3.5 Fighting
 + Level 5.9 Dodging
 - Level 2.4 Stealth
 * Level 9.6 Spellcasting
 * Level 10.5 Conjurations
 - Level 4.1 Hexes
 - Level 2.8 Transmutations
 - Level 10.0 Fire Magic


You had 4 spell levels left.
You knew the following spells:

 Your Spells              Type           Power        Failure   Level  Hunger
a - Flame Tongue          Conj/Fire      #####        1%          1    None
b - Throw Flame           Conj/Fire      ######       1%          2    None
c - Conjure Flame         Conj/Fire      #######.     1%          3    None
d - Fireball              Conj/Fire      #######...   1%          5    ####...
e - Confuse               Hex            ####....     2%          3    None
f - Inner Flame           Hex/Fire       #####...     1%          3    None
g - Freeze                Ice            ##..         4%          1    None
h - Sticks to Snakes      Tmut           ####....     2%          2    None
i - Sticky Flame          Conj/Fire      #######.     1%          4    None

Your spell library contained the following spells:

 Spells                   Type           Power        Failure   Level  Hunger
 Apportation              Tloc           ##....       4%          1    None
 Bolt of Magma            Conj/Fire/Erth ######....   8%          5    ####...
 Venom Bolt               Conj/Pois      ######....   16%         5    ####...
 Summon Small Mammal      Summ           ##..         4%          1    None
 Animate Skeleton         Necr           N/A          4%          1    None
 Iron Shot                Conj/Erth      ######....   65%         6    #####..
 Spider Form              Tmut/Pois      ###.......   9%          3    None
 Blade Hands              Tmut           ####......   38%         5    ####...
 Ice Form                 Ice/Tmut       ###.....     26%         4    None
 Confusing Touch          Hex            ####..       1%          1    None
 Metabolic Englaciation   Hex/Ice        ###.......   50%         5    ####...
 Petrify                  Tmut/Erth      ###.....     26%         4    None
 Orb of Destruction       Conj           #######...   50%         7    #######
 Beastly Appendage        Tmut           ####..       1%          1    None
 Iskenderun's Battlesphe  Conj/Chrm      ######..     16%         5    ####...
 Spellforged Servitor     Conj/Summ      ######....   99%         7    #######
 Gell's Gravitas          Tloc           ##........   14%         3    None
 Yara's Violent Unravell  Hex/Tmut       ####......   32%         5    ####...


Dungeon Overview and Level Annotations

Branches:
Dungeon (11/15)            Temple (1/1) D:6            Lair (1/6) D:8
    Orc: D:9-12

Altars:
Dithmenos
Elyvilon
Fedhas
Gozag
Hepliaklqana
Kikubaaqudgha
Nemelex Xobeh
Okawaru
Ru
Trog
Vehumet
Xom

Shops:
D:6 *   D:7 *

Annotations:
D:4 2 transporters, 1 runed door, exclusion: 2 doors, inmateoo's ghost, amateur VSHu
D:7 exclusion: door


Message History

The centaur hits you.
* * * LOW HITPOINT WARNING * * *
You feel much better.
The gargoyle hits you with a morningstar of protection.
The centaur closely misses you.
As you read the scroll of teleportation, it crumbles to dust.
You feel strangely unstable. The centaur misses you.
The gargoyle hurls a stone arrow at you.
The stone arrow misses you. The centaur barely misses you.
Casting: Flame Tongue (safe; 1% risk of failure)
Confirm with . or Enter, or press ? or * to list all spells.
Aiming: Flame Tongue (safe; 1% risk of failure)
Press: ? - help, Shift-Dir - straight line, f/p - centaur
Aim: a centaur (moderately wounded)
You feel a surge of power!
The flame tongue hits the centaur.
The centaur is severely wounded.
The centaur completely misses you.
The gargoyle hits you with a morningstar of protection!!
Ouch! That really hurt!
You die...

#########.............# #.#
# #........##.####.# #># ###
#.##.###.##.# #.# #.# ..#
#.##.# #.##.# #.# #.#
#.####.##.###.##.####.####.#
#.......#.##...............#
#.............##.####.######
...####...##.###.####.######
##.# #...##....@c.........#
##.####...######.9####.###.#
##.....>........#.# #.# #.#
#######...#####.#.####.# #.#
.........## #........# #.#
.........########.###### #.#
########..........# #)#
#.########## #.# #.#
#######.#


You could see a gargoyle and a centaur.

Vanquished Creatures
  A two-headed ogre (D:10)
  2 kobold demonologists
  A troll (D:9)
  2 hippogriffs
  A vampire (D:10)
  A wyvern (D:10)
  4 yaks (D:10)
  An eye of draining (D:10)
  2 ice beasts
  A sky beast (D:8)
  3 orc warriors
  3 black bears
  4 ogres
  2 centaurs
  3 big kobolds
  6 bullfrogs
  6 scorpions
  3 killer bees
  5 wights (D:7)
  7 howler monkeys
  A crimson imp (D:10)
  2 jellies
  9 hounds
  Crazy Yiuf (D:2)
  A gnoll shaman (D:7)
  3 orc priests
  7 orc wizards
  Jessica (D:2)
  3 bullfrog skeletons
  2 iguanas
  7 worker ants
  5 gnolls
  9 adders
  2 shadow imps
  An adder skeleton (D:8)
  2 adder zombies
  4 worms
  6 leopard geckos
  31 orcs
  5 giant cockroaches
  8 goblins
  5 hobgoblins
  8 jackals
  22 kobolds
  5 quokkas
  2 ball pythons
  5 bats
  2 frilled lizards
  A jackal zombie (D:6)
  8 rats
226 creatures vanquished.

Vanquished Creatures (others)
  A sky beast (D:8)
  A centaur (D:11)
  A kobold (D:11)
  A plant (D:1)
4 creatures vanquished.

Grand Total: 230 creatures vanquished

Notes
Turn   | Place    | Note
-------+----------+-------------------------------------------
     0 | D:1      | Hebeh the Deep Elf Fire Elementalist began the quest for the Orb.
     0 | D:1      | Reached XP level 1. HP: 10/10 MP: 6/6
   302 | D:1      | Reached XP level 2. HP: 15/15 MP: 6/8
  1323 | D:2      | Reached XP level 3. HP: 19/19 MP: 7/10
  1850 | D:2      | Noticed Jessica
  1852 | D:2      | Killed Jessica
  1852 | D:2      | Reached XP level 4. HP: 24/24 MP: 9/12
  1884 | D:2      | Found a runed door.
  2584 | D:2      | Noticed Crazy Yiuf
  2590 | D:2      | Killed Crazy Yiuf
  2590 | D:2      | Reached XP level 5. HP: 19/28 MP: 6/13
  2863 | D:2      | Learned a level 2 spell: Throw Flame
  2867 | D:2      | Learned a level 3 spell: Conjure Flame
  2871 | D:2      | Learned a level 3 spell: Inner Flame
  3446 | D:3      | Reached skill level 1 in Hexes
  3797 | D:3      | Found a sparkling altar of Nemelex Xobeh.
  4351 | D:4      | Found a transporter.
  4596 | D:4      | Found a runed door.
  4599 | D:4      | Found an iron altar of Okawaru.
  4601 | D:4      | Noticed inmateoo's ghost (amateur VSHu)
  4705 | D:4      | Found a shimmering altar of Xom.
  4866 | D:4      | Found a transporter.
  5008 | D:5      | Entered Level 5 of the Dungeon
  5047 | D:5      | Reached XP level 6. HP: 32/32 MP: 13/15
  5257 | D:5      | Reached skill level 5 in Spellcasting
  5337 | D:5      | Reached skill level 5 in Conjurations
  5337 | D:5      | Reached skill level 5 in Fire Magic
  6182 | D:5      | Found a sacrificial altar of Ru.
  6430 | D:6      | Reached XP level 7. HP: 36/36 MP: 8/17
  6647 | D:6      | Found an opulent altar of Gozag.
  6763 | D:6      | Found a staircase to the Ecumenical Temple.
  6774 | Temple   | Entered the Ecumenical Temple
  6809 | Temple   | Became a worshipper of Vehumet
  6871 | D:6      | Found Sooh's General Store.
  6915 | D:6      | Bought 2 potions of heal wounds for 140 gold pieces
  7203 | D:6      | Found a blossoming altar of Fedhas.
  7497 | D:6      | Upgraded the game from 0.22-a0-617-g6d95e9e to 0.22-a0-618-gd6a3efe
  7522 | D:7      | Noticed a hippogriff
  7636 | D:7      | Reached XP level 8. HP: 23/41 MP: 8/19
  8540 | D:7      | Killed a hippogriff
  8708 | D:7      | Learned a level 5 spell: Fireball
  8940 | D:7      | Found Eeetuab's Eclectic Emporium.
  9981 | D:8      | Found a staircase to the Lair.
  9988 | D:8      | Reached XP level 9. HP: 46/46 MP: 14/21
 10037 | Lair:1   | Entered Level 1 of the Lair of Beasts
 10330 | D:8      | Reached * piety under Vehumet
 10330 | D:8      | Offered knowledge of Freeze by Vehumet.
 10330 | D:8      | Reached skill level 1 in Fighting
 10510 | D:8      | Noticed a kobold demonologist
 10516 | D:8      | Noticed a kobold demonologist
 10517 | D:8      | Killed a kobold demonologist
 10636 | D:7      | Learned a level 1 spell: Freeze
 10641 | D:7      | Learned a level 4 spell: Sticky Flame
 10644 | D:7      | Learned a level 2 spell: Sticks to Snakes
 10682 | D:7      | Killed a kobold demonologist
 10947 | D:8      | Found a hazy altar of Hepliaklqana.
 10949 | D:8      | Found a white marble altar of Elyvilon.
 10950 | D:8      | Found an ancient bone altar of Kikubaaqudgha.
 10978 | D:8      | Found a bloodstained altar of Trog.
 11559 | D:9      | Noticed a troll
 11568 | D:9      | Killed a troll
 11568 | D:9      | Reached skill level 1 in Transmutations
 12300 | D:9      | Found a shadowy altar of Dithmenos.
 13342 | D:9      | Reached XP level 10. HP: 54/54 MP: 18/24
 13351 | D:9      | Reached ** piety under Vehumet
 13421 | D:9      | Learned a level 3 spell: Confuse
 13566 | D:9      | Offered knowledge of Throw Frost by Vehumet.
 13740 | D:10     | Entered Level 10 of the Dungeon
 14290 | D:9      | You fall through a shaft for 2 floors!
 14291 | D:11     | Identified a scroll of acquirement
 14316 | D:11     | Noticed a gargoyle
 14329 | D:11     | Noticed a cyan ugly thing
 14331 | D:11     | Noticed a two-headed ogre
 14471 | D:10     | Reached skill level 5 in Dodging
 15038 | D:10     | Noticed a two-headed ogre
 15054 | D:10     | Killed a two-headed ogre
 15054 | D:10     | Reached skill level 10 in Conjurations
 15920 | D:10     | Reached skill level 10 in Fire Magic
 16364 | D:10     | Offered knowledge of Static Discharge by Vehumet.
 16972 | D:11     | Noticed a red ugly thing
 16989 | D:10     | Mangled by a gargoyle

Vault maps used:
D:1:      minmay_arrival_solitary_statue, serial_aquarium,
          aquarium_bridge_square, aquarium_window_corner, aquarium_window_2,
          aquarium_window_corner, aquarium_window_corridor_1, aquarium_view_2d,
          aquarium_balcony_double_1, lexackson_kobold_supper
D:2:      lemuel_upstairs_altar, first_ration, grunt_ministairs_10,
          uniq_jessica, uniq_crazy_yiuf_cottage
D:3:      minmay_door_path, nemelex_xobeh_ov_fountains_minmay,
          minmay_misc_feat_rows
D:4:      gammafunk_wand_slinger, led_xom_imps, hellmonk_ghost_happy_afterlife,
          okawaru_metal_pillars_1_2
D:5:      nicolae_ru_path_of_blood
D:6:      lemuel_crystal_altar, kennysheep_mini, temple_statues, serial_shops,
          nicolae_shop_stone
D:7:      grunt_livestock, nicolae_alphabet_shops
D:8:      trog_ov_bears_minmay, minitemple, lair_entry_dummy
D:9:      basic_altar
D:11:     portal_ice_cave_entry_pillars_1, nicolae_water_bricks
Temple:   nicolae_temple_figure_eight

Skill      XL: |  1  2  3  4  5  6  7  8  9 10 |
---------------+-------------------------------+-----
Conjurations   | 2 3 4 5 6 8 9 10 | 10.5
Spellcasting   | 4 5 6 7 8 9 |  9.6
Fire Magic     | 4 5 6 8 9 10 | 10.0
Hexes          | 1 2 3 4 |  4.1
Fighting       | 2 3 |  3.5
Dodging        | 4 5 |  5.9
Transmutations | 1 2 |  2.8
Stealth        | |  2.4

Action                   |  1- 3 |  4- 6 |  7- 9 | 10-12 || total
-------------------------+-------+-------+-------+-------++-------
Melee: Short sword       |    10 |     6 |       |       ||    16
       Morningstar       |       |       |     9 |       ||     9
       Hunting sling     |       |       |     4 |       ||     4
       Mace              |       |       |     2 |       ||     2
 Fire: Hunting sling     |       |    26 |       |       ||    26
Throw: Tomahawk          |    20 |     4 |       |       ||    24
       Stone             |    18 |     2 |       |       ||    20
 Cast: Flame Tongue      |    66 |    85 |   243 |   167 ||   561
       Throw Flame       |       |    31 |    65 |    30 ||   126
       Inner Flame       |       |     2 |       |     1 ||     3
       Conjure Flame     |       |     2 |     1 |     6 ||     9
       Fireball          |       |       |     4 |     8 ||    12
       Confuse           |       |       |       |     7 ||     7
       Freeze            |       |       |       |     7 ||     7
  Use: Scroll            |       |     5 |     7 |     7 ||    19
       Potion            |       |       |       |     2 ||     2
  Eat: Chunk             |     2 |    11 |     7 |     5 ||    25
       Ration            |       |     1 |     5 |     1 ||     7
Armor: Robe              |     4 |     3 |    71 |    31 ||   109
Dodge: Dodged            |    34 |    17 |   151 |    81 ||   283
Block: Other             |       |       |     8 |     8 ||    16
       Reflection        |       |       |       |     2 ||     2

Table legend:
 A = Spawn XP
 B = Non-spawn XP
 C = Spawn XP percentage of total XP
 D = Spawn monster count
 E = Non-spawn monster count
 F = Spawn count percentage of total count
 G = Total turns spent on level
                    A         B        C        D         E        F      G
               +---------+---------+-------+---------+---------+-------+---------
         Total |       0 |    9826 |   0.0 |       0 |     228 |   0.0 | 16989
               +---------+---------+-------+---------+---------+-------+---------
           D:1 |       0 |      37 |   0.0 |       0 |      22 |   0.0 |  1225
           D:2 |       0 |     159 |   0.0 |       0 |      25 |   0.0 |  1686
           D:3 |       0 |      76 |   0.0 |       0 |      17 |   0.0 |  1308
           D:4 |       0 |     101 |   0.0 |       0 |       8 |   0.0 |   789
           D:5 |       0 |     304 |   0.0 |       0 |      17 |   0.0 |  1393
           D:6 |       0 |     666 |   0.0 |       0 |      11 |   0.0 |  1691
           D:7 |       0 |    1832 |   0.0 |       0 |      31 |   0.0 |  2083
           D:8 |       0 |    1582 |   0.0 |       0 |      21 |   0.0 |  1440
           D:9 |       0 |    1251 |   0.0 |       0 |      34 |   0.0 |  2825
          D:10 |       0 |    2875 |   0.0 |       0 |      25 |   0.0 |  2309
          D:11 |       0 |     943 |   0.0 |       0 |      17 |   0.0 |   161
               +---------+---------+-------+---------+---------+-------+---------
